 Dungeon Crawl Stone Soup version 0.31-a0-524-g2a164cf6a2 (webtiles) character file.

Game seed: 10313157027826666973

64 AdnanSaban the Trooper (level 4, -4/29 HPs)
             Began as a Gargoyle Fighter on Aug 12, 2023.
             Killed from afar by an orc wizard (10 damage)
             ... with a puff of flame
             ... on level 3 of the Dungeon.
             The game lasted 00:01:15 (1305 turns).

AdnanSaban the Trooper (Gargoyle Fighter)           Turns: 1305, Time: 00:01:16

Health: -4/29      AC: 12    Str: 21    XL:     4   Next: 12%
Magic:  4/4        EV:  9    Int:  9    God:
Gold:   96         SH:  4    Dex:  9    Spells: 3/3 levels left

rFire   . . .        a - +0 flail
rCold   . . .        c - +0 buckler
rNeg    + . .        b - +0 scale mail
rPois   ∞            l - +0 helmet
rElec   +            (no cloak)
rCorr   .            (no gloves)
SInv    .            n - +0 pair of boots
Will    .....        (no amulet) Stlth
                     (no ring)
HPRegen 0.24/turn    (no ring)
MPRegen 0.09/turn

%: no passive effects
@: no status effects
A: sickness immunity, AC +3, negative energy resistance 1, electricity
resistance, torment resistance 1, petrification resistance
a: no special abilities


You were on level 3 of the Dungeon.
You visited 1 branch of the dungeon, and saw 3 of its levels.

You collected 96 gold pieces.

Inventory:

Hand Weapons
 a - a +0 flail (weapon)
Missiles
 p - 4 poisoned darts
Armour
 b - a +0 scale mail (worn)
 c - a +0 buckler (worn)
 l - a +0 helmet (worn)
 n - a +0 pair of boots (worn)
Jewellery
 q - an amulet of regeneration
Scrolls
 f - a scroll of butterflies {unknown}
 g - 3 scrolls of identify {unknown}
 o - a scroll of teleportation {unknown}
Potions
 d - a potion of might
 e - a potion of haste {unknown}
 h - a potion of magic {unknown}
 i - 4 potions of curing {unknown}
 j - 2 potions of berserk rage {unknown}
 k - 2 potions of brilliance {unknown}
 m - a potion of enlightenment {unknown}


   Skills:
 + Level 3.8 Fighting
 + Level 3.0 Maces & Flails
 + Level 3.8 Armour
 + Level 0.2 Dodging
 + Level 3.7 Shields


You had 3 spell levels left.
You didn't know any spells.
Your spell library was empty.

Dungeon Overview and Level Annotations

Branches:
Dungeon (3/15)

Altars:

Shops:
D:2 *


Innate Abilities, Weirdness & Mutations

You are immune to sickness and miasma.
Your stone body is resilient. (AC +3)
You are immune to poison.
You resist negative energy. (rN+)
You are resistant to electric shocks. (rElec)
You are resistant to unholy torment.
You are immune to petrification.


Message History

You bump into the rock wall.
You feel less confused.
You hear some strange, mumbled words.
Something tries to affect you, but you resist.
You miss something. Something hits you but does no damage.
You closely miss something. Something hits you but does no damage.
You hear some strange, mumbled words.
A puff of flame appears from out of thin air!
The puff of flame hits you.
You closely miss something. Something hits you but does no damage.
You barely miss something.
You hear some strange, mumbled words.
You are confused.
You miss something. Something hits you but does no damage. Something hits you.
You completely miss something. Something hits you but does no damage.
You bump into the rock wall.
Something hits you but does no damage.
You're too confused to move!
Something hits you but does no damage.
You bump into the rock wall.
Something completely misses you.
You bump into the rock wall.
Something hits you.
You're too confused to move!
You feel less confused. Something hits you but does no damage.
You miss something. Something hits you but does no damage.
You closely miss something.
You hear some strange, mumbled words.
A puff of flame appears from out of thin air!
The puff of flame hits you.
You miss something. Something hits you. x2
* * * LOW HITPOINT WARNING * * *
You barely miss something. You block something's attack.
You miss something.
You hear some strange, mumbled words.
A magic dart appears from out of thin air!
The magic dart hits you.
* * * LOW HITPOINT WARNING * * *
You miss something.
You hear some strange, mumbled words.
A puff of flame appears from out of thin air!
The puff of flame hits you!
You die...

####### ......####
.#.......#########
.#.##.##.........#
...##.##########.#
<####.# #.#
.####.# #@#
......# #{#
.#.#### #.# .#.#
#..)....# .#.#
#.##.##.# .#.# #
#.# # .#.. #..
...# ### ....


There were no monsters in sight!

Vanquished Creatures
  2 adders
  A worm (D:2)
  2 dart slugs (D:2)
  4 ball pythons
  5 endoplasms
  2 giant cockroaches
  2 goblins
  6 hobgoblins
  2 quokkas
  A frilled lizard (D:1)
  3 kobolds
  6 rats
36 creatures vanquished.

Notes
Turn   | Place    | Note
-------+----------+-------------------------------------------
     0 | D:1      | AdnanSaban the Gargoyle Fighter began the quest for the
                  | Orb.
     0 | D:1      | Reached XP level 1. HP: 14/14 MP: 1/1
   109 | D:1      | Reached XP level 2. HP: 9/19 MP: 2/2
   565 | D:2      | Reached XP level 3. HP: 17/23 MP: 3/3
   654 | D:2      | Found Buvviab's General Store.
  1132 | D:2      | Identified the +2 robe "Agaqye" {Harm rElec rN+ Dex+3}
  1283 | D:3      | Reached XP level 4. HP: 19/29 MP: 4/4
  1305 | D:3      | Killed from afar by an orc wizard

Illustrated notes

Levels and vault maps discovered:
D:1:      noname_arrival_rooms_in_the_neighbourhood, layout_rooms, minivault_14,
          minmay_tree_intersection, dreamdust_princess_corridor,
          minmay_tromino_i2
D:2:      layout_loops_ring, serial_shops, shop
D:3:      layout_loops_cross, nicolae_ashenzari_skybound,
          nicolae_underground_beach

Skill      XL: |  1  2  3 |
---------------+----------+-----
Maces & Flails | 3 |  3.0
Fighting       | |  3.8
Armour         | |  3.8
Dodging        | |  0.2
Shields        | |  3.7

Action                     |  1- 3 |  4- 6 || total
---------------------------+-------+-------++-------
  Melee: Flail             |   111 |    13 ||   124
 Armour: Scale mail        |    61 |    12 ||    73
  Dodge: Dodged            |    53 |     2 ||    55
  Block: Buckler           |    22 |     1 ||    23

Table legend: (Time is in decaauts)
 A = Elapsed time spent in this place.
 B = Non-inter-level travel time spent in this place.
 C = Inter-level travel time spent in this place.
 D = Time resting spent in this place.
 E = Time spent auto-exploring this place.
 F = Levels seen in this place.
 G = Mean time per level.
                   A        B        C        D        E       F      G
               +--------+--------+--------+--------+--------+-----+--------+
         Total |   1345 |   1321 |     24 |      0 |    971 |   3 |  448.3 |
       Dungeon |   1345 |   1321 |     24 |      0 |    971 |   3 |  448.3 |
               +--------+--------+--------+--------+--------+-----+--------+

Top non-repeatable levels by time:
     D:2: 699 daAuts
     D:1: 549 daAuts
     D:3: 96 daAuts
